 Dungeon Crawl Stone Soup version 0.26-a0-1026-g544776af23 (webtiles) character file.

Game seed: 17236273339359630308

170 sahdkjhfkaj the Changer (level 5, -3/33 HPs)
             Began as an Octopode Transmuter on Dec 9, 2020.
             Slain by a gnoll (7 damage)
             ... on level 6 of the Dungeon.
             The game lasted 00:02:14 (3237 turns).

sahdkjhfkaj the Changer (Octopode Transmuter)       Turns: 3237, Time: 00:02:15

Health: -3/33      AC:  1    Str:  9    XL:     5   Next: 51%
Magic:  8/8        EV: 13    Int: 17    God:
Gold:   151        SH:  0    Dex: 12    Spells: 3/8 levels left

rFire    . . .     SeeInvis .     - Unarmed
rCold    . . .     Faith    .   (no shield)
rNeg     . . .     Spirit   .   (helmet restricted)
rPois    .         Reflect  .   (no amulet)
rElec    .         Harm     .   r - ring of resist corrosion
rCorr    +         Rampage  .   (no ring)
Will     .....                  (no ring)
Stlth    ++........             (no ring)
HPRegen  0.11/turn              (no ring)
MPRegen  0.11/turn              (no ring)
                                (no ring)
                                (no ring)

@: no status effects
A: almost no armour, stealthy swim, amphibious, 8 rings, constrict 8, camouflage
1, gelatinous body 1
a: no special abilities


You were on level 6 of the Dungeon.
You visited 1 branch of the dungeon, and saw 4 of its levels.

You collected 151 gold pieces.

Inventory:

Missiles
 j - 6 poisoned darts
Jewellery
 l - a +4 ring of evasion {unknown}
 r - a ring of resist corrosion (left tentacle)
Scrolls
 b - 3 scrolls of enchant weapon
 d - a scroll of enchant armour
 e - 2 scrolls of fog {unknown}
 f - 4 scrolls of remove curse {@r2}
Potions
 c - a potion of invisibility {unknown}
 g - a potion of ambrosia {unknown}
 h - a potion of heal wounds {unknown}
 i - 2 potions of berserk rage {unknown}
 k - a potion of mutation {unknown}
 m - a potion of magic {unknown}
 n - a potion of haste {unknown}


   Skills:
 - Level 1.0 Fighting
 - Level 2.0 Dodging
 - Level 3.6 Unarmed Combat
 - Level 2.0 Spellcasting
 - Level 3.7 Transmutations
 + Level 3.2 Ice Magic


You had 3 spell levels left.
You knew the following spells:

 Your Spells              Type           Power        Failure   Level
a - Beastly Appendage     Tmut           ##....       4%          1
F - Ice Form              Ice/Tmut       ##......     43%         4

Your spell library contained the following spells:

 Spells                   Type           Power        Failure   Level
 Wereblood                Tmut           ##......     6%          2
 Spider Form              Tmut/Pois      #.........   26%         3
 Blade Hands              Tmut           ##........   75%         5


Dungeon Overview and Level Annotations

Branches:
Dungeon (3/15)

Altars:
Dithmenos

Annotations:
D:6 halberd of disto maggie, Maggie


Innate Abilities, Weirdness & Mutations

You cannot wear most types of armour.
You are very stealthy in the water. (Stealth+)
You are amphibious.
You can wear up to eight rings at the same time.
You can use your tentacles to constrict eight enemies at once.
Your skin changes colour to match your surroundings (Stealth+).
Your rubbery body absorbs attacks. (AC +1, EV +1)


Message History

Maggie mutters to herself, "Master Lance won't take me back.
This is the way forward."
Maggie points at you and mumbles some strange words.
The bolt of fire hits you!!
Ouch! That really hurt!
As you read the scroll of fear, it crumbles to dust.
You assume a fearsome visage.
Maggie looks frightened!
Maggie attempts to regain her composure.
The gnoll throws a throwing net.
The throwing net misses you.
You see here a throwing net {!f}.
The gnoll throws a throwing net.
The throwing net misses you.
You see here a throwing net {!f}.
The gnoll barely misses you.
You tentacle-slap the gnoll. You grab the gnoll.
The gnoll is lightly wounded.
You constrict the gnoll. The gnoll hits you!
* * * LOW HITPOINT WARNING * * *
You barely miss the gnoll.
The gnoll is moderately wounded.
You constrict the gnoll. The gnoll hits you!
You die...

#
##.#####################
$
...........((.@g.......#
#
##)#############.......#
# ##......# #
#########......# ####.#
#........(.....#


g.ggg# #..............# # #..............# # #........[.....# # #........##+####
You could see a gnoll.

Vanquished Creatures
  An ogre (D:3)
  3 adders
  3 worms (D:2)
  3 dart slugs
  2 leopard geckos
  A giant cockroach (D:2)
  3 goblins
  7 hobgoblins
  4 kobolds (D:2)
  5 bats
  3 frilled lizards
  6 rats
41 creatures vanquished.

Notes
Turn   | Place    | Note
-------+----------+-------------------------------------------
     0 | D:1      | sahdkjhfkaj the Octopode Transmuter began the quest for the
                  | Orb.
     0 | D:1      | Reached XP level 1. HP: 13/13 MP: 3/3
   162 | D:1      | Reached XP level 2. HP: 11/18 MP: 5/5
  1105 | D:2      | Reached XP level 3. HP: 23/23 MP: 6/6
  2137 | D:2      | Reached XP level 4. HP: 19/28 MP: 7/7
  2363 | D:2      | Learned a level 4 spell: Ice Form
  2915 | D:3      | Reached skill level 1 in Ice Magic
  2982 | D:3      | Found a shadowy altar of Dithmenos.
  3022 | D:3      | Noticed an ogre
  3034 | D:3      | Killed an ogre
  3035 | D:3      | Reached XP level 5. HP: 26/33 MP: 3/8
  3170 | D:3      | You fall into a shaft and drop 3 floors!
  3188 | D:6      | Noticed Maggie
  3237 | D:6      | Slain by a gnoll

Illustrated notes

Levels and vault maps discovered:
D:1:      lemuel_arrival_room, layout_basic, st_stairs_3
D:2:      layout_loops_corners
D:3:      layout_basic, old_standard_altar, nicolae_overflow_crystal_walls,
          gammafunk_ghost_split
D:6:      layout_basic, gammafunk_temple_overflow_elements,
          nicolae_dithmenos_shadow_blocks, uniq_maggie

Skill      XL: |  1  2  3  4 |
---------------+-------------+-----
Transmutations | 3 |  3.7
Ice Magic      | 3 |  3.2
Fighting       | |  1.0
Dodging        | |  2.0
Unarmed Combat | |  3.6
Spellcasting   | |  2.0

Action                   |  1- 3 |  4- 6 || total
-------------------------+-------+-------++-------
Melee: Unarmed           |    76 |    32 ||   108
       Constrict         |    23 |     7 ||    30
       Tentacles         |    14 |     3 ||    17
 Cast: Ice Form          |       |     1 ||     1
  Use: Scroll            |     4 |     4 ||     8
 Stab: Sleeping          |     5 |       ||     5
       Distracted        |     1 |       ||     1
Armor: Skin              |     6 |     2 ||     8
Dodge: Dodged            |    34 |    23 ||    57

Table legend: (Time is in decaauts)
 A = Elapsed time spent in this place.
 B = Non-inter-level travel time spent in this place.
 C = Inter-level travel time spent in this place.
 D = Time resting spent in this place.
 E = Time spent auto-exploring this place.
 F = Levels seen in this place.
 G = Mean time per level.
                   A        B        C        D        E       F      G
               +--------+--------+--------+--------+--------+-----+--------+
         Total |   3228 |   3163 |     65 |    300 |   2531 |   4 |  807.0 |
       Dungeon |   3228 |   3163 |     65 |    300 |   2531 |   4 |  807.0 |
               +--------+--------+--------+--------+--------+-----+--------+

Top non-repeatable levels by time:
     D:2: 1748 daAuts
     D:1: 921 daAuts
     D:3: 491 daAuts
     D:6: 66 daAuts
